 Dungeon Crawl Stone Soup version 0.29.1-13-g9f3cf754e1 (webtiles) character file.

Game seed: 878135238568904525

115769 KittyFluff the Bludgeoner (level 16, -15/108 HPs)
             Began as a Gargoyle Berserker on Jan 21, 2023.
             Was the Champion of Trog.
             Killed from afar by a will-o-the-wisp (26 damage)
             ... with a foxfire
             ... on level 3 of the Swamp.
             The game lasted 03:24:52 (23959 turns).

KittyFluff the Bludgeoner (Gargoyle Berserker)     Turns: 23959, Time: 03:24:54

Health: -15/108    AC: 31    Str: 25    XL:     16   Next: 69%
Magic:  5/5        EV: 20    Int: 10    God:    Trog [******]
Gold:   299        SH:  0    Dex: 23    Spells: 15/15 levels left

rFire   . . .      SeeInvis .   E - +4 dire flail (antimagic)
rCold   . . .      Faith    .   (shield currently unavailable)
rNeg    + . .      Spirit   .   Y - +0 troll leather armour
rPois   ∞          Reflect  .   a - +2 helmet
rElec   +          Harm     .   S - +2 cloak {Will+}
rCorr   .          Rampage  .   B - +2 pair of gloves {Stlth+}
Will    ++...                   x - +0 pair of boots
Stlth   +++++.....              m - amulet of regeneration
HPRegen 1.88/turn               g - +6 ring of dexterity
MPRegen 0.09/turn               P - +6 ring of dexterity

@: flying, studying Stealth
A: sickness immunity, AC +12, big wings, negative energy resistance 1,
electricity resistance, torment resistance 1, petrification resistance
a: Renounce Religion, Berserk, Trog's Hand, Brothers in Arms


You were on level 3 of the Swamp.
You worshipped Trog.
Trog was exalted by your worship.
You visited 3 branches of the dungeon, and saw 23 of its levels.
You also visited: Bailey.

You collected 1895 gold pieces.
You spent 1596 gold pieces at shops.

Inventory:

Hand Weapons
 f - a +3 antimagic great mace
 E - a +4 antimagic dire flail (weapon)
 H - a +5 great mace of flaming
 X - a +4 sling of freezing
Missiles
 r - 20 boomerangs
 t - 26 poisoned darts (quivered)
 u - 29 javelins
 D - 6 atropa-tipped darts
 L - 5 curare-tipped darts
Armour
 a - a +2 helmet (worn)
 x - a +0 pair of boots (worn)
 y - a +2 ring mail of positive energy
 A - a +2 leather armour of fire resistance
 B - a +2 pair of gloves of stealth (worn)
 Q - the +4 chain mail of Saok {Regen+}
   (You bought it in a shop on level 12 of the Dungeon)

   Regen:     It increases your rate of health regeneration.
 S - a +2 cloak of willpower (worn)
 Y - a +0 troll leather armour (worn)
Jewellery
 b - the ring "Xalej" {rPois rC+ Will+++ rCorr Slay-6}
   (You found it on level 5 of the Lair of Beasts)

   [ring of protection from cold]

   Slay:      It affects your accuracy & damage with ranged weapons and melee
   (-6).
   rC:        It protects you from cold.
   rPois:     It protects you from poison.
   rCorr:     It protects you from acid and corrosion.
   Will:      It greatly increases your willpower.
 g - a +6 ring of dexterity (left hand)
 m - an amulet of regeneration (around neck)
 G - a ring of protection from fire
 P - a +6 ring of dexterity (right hand)
 U - a ring of see invisible
 V - a ring of protection from cold
 W - a ring of resist corrosion
Wands
 j - a wand of iceblast (24)
 s - a wand of digging (5)
 I - a wand of flame (84)
 M - a wand of paralysis (45)
 N - a wand of polymorph (10)
 T - a wand of light (9)
Scrolls
 i - 10 scrolls of enchant weapon
 l - 2 scrolls of silence
 o - 3 scrolls of immolation
 p - 10 scrolls of teleportation
 q - 4 scrolls of magic mapping
 v - 5 scrolls of fear
 w - 3 scrolls of blinking
 F - a scroll of torment
 J - 6 scrolls of butterflies
 Z - 3 scrolls of poison
Potions
 c - 6 potions of mutation
 d - 4 potions of haste
 e - 4 potions of heal wounds
 h - 13 potions of curing
 k - 6 potions of attraction
 n - 9 potions of lignification
 C - 2 potions of cancellation
 K - 3 potions of ambrosia
 O - 4 potions of invisibility
 R - 5 potions of might
Miscellaneous
 z - a condenser vane


   Skills:
 + Level 15.2 Fighting
 + Level 16.9 Maces & Flails
 + Level 8.0 Ranged Weapons
 + Level 2.0 Throwing
 * Level 15.0 Armour
 + Level 9.9 Dodging
 + Level 8.6 Stealth


You had 15 spell levels left.
You didn't know any spells.
Your spell library was empty.

Dungeon Overview and Level Annotations

Branches:
Dungeon (15/15)            Temple (0/1) D:5            Lair (5/5) D:9
  Swamp (3/4) Lair:2        Snake (0/4) Lair:3        Slime (0/5) Lair:5
    Orc (0/2) D:10         Vaults (0/5) D:13         Depths (0/4) D:15
 Bailey (visited)

Altars:
Fedhas
Gozag
Kikubaaqudgha
Nemelex Xobeh
Ru
Uskayaw
Wu Jian
Xom
Jiyva

Shops:
D:9 (   D:11 !   D:12 [   D:14 *

Annotations:
D:8 1 runed translucent door, Soraphim's ghost, novice MiFi
D:10 1 runed translucent door
Lair:4 1 runed translucent door, Guuquyx's ghost, journeyman TrMo


Innate Abilities, Weirdness & Mutations

You are immune to sickness and miasma.
Your stone body is resilient. (AC +12)
You are immune to poison.
Your large and strong wings let you fly.
You resist negative energy. (rN+)
You are resistant to electric shocks. (rElec)
You are resistant to unholy torment.
You are immune to petrification.


Message History

The foxfire is engulfed in spectral mist.
The foxfire is engulfed in spectral mist.
The foxfire hits you but does no damage.
The foxfire hits you!!
The will-o-the-wisp gestures.
The will-o-the-wisp conjures some foxfire! 2 foxfires come into view.
The foxfire is engulfed in spectral mist.
The foxfire hits you!!
* * * LOW HITPOINT WARNING * * *
The foxfire hits you.
* * * LOW HITPOINT WARNING * * *
You thump the will-o-the-wisp!
The will-o-the-wisp's magic leaks into the air.
The will-o-the-wisp is moderately damaged.
You are engulfed in a cloud of scalding steam.
The will-o-the-wisp's magic is no longer disrupted.
You puncture the will-o-the-wisp!
The will-o-the-wisp's magic leaks into the air.
The will-o-the-wisp is heavily damaged.
You are engulfed in a cloud of scalding steam.
The will-o-the-wisp engulfs you!
* * * LOW HITPOINT WARNING * * *
You feel much better.
The will-o-the-wisp completely misses you.
You hit the will-o-the-wisp.
The will-o-the-wisp's magic leaks into the air.
The will-o-the-wisp is heavily damaged.
You closely miss the will-o-the-wisp.
The will-o-the-wisp is heavily damaged.
The will-o-the-wisp gestures.
The will-o-the-wisp conjures some foxfire! 2 foxfires come into view.
You hit the will-o-the-wisp.
The will-o-the-wisp's magic leaks into the air.
The will-o-the-wisp is severely damaged.
The foxfire hits you!
* * * LOW HITPOINT WARNING * * *
The foxfire hits you!!
You die...

♣.~~..~..... ~..♣... ♣♣♣
♣~~~.~.~~ ~...~~~ ♣~♣♣
♣~~~~.~~~ ~.>.~~~♣♣♣..♣♣
♣♣~....~~ ...~~~~.~....♣
♣..~.~~♣♣
~.~~~~~~~~..>♣♣♣..♣...♣♣
~~~..~§§~~~~.~♣♣.....~~~
~.~.~§vv~~~~~~♣....~~..~
..~~~~~@§~~~~~!...♣....~
.#~~~~~~†°§~~~~.♣♣♣♣♣~~.
#..~~~~~~~~~~~.♣ ♣.~~
#..~~~~~~?~~~~~~♣ ♣.††
......~.♣♣..~♣♣♣♣♣♣♣♣.†.
♣♣♣~~.~♣♣§...♣ ♣~~....
♣♣♣♣♣ ♣.~.♣♣ ♣..~~§.
♣~~~~ ♣~..~~~~ ~.~♣
♣.~~~~~~~


You could see a will-o-the-wisp (magic disrupted).

Vanquished Creatures
  Kirke (Lair:4)
  6 eleionomae
  Nessos (D:14)
  3 dire elephants
  A bunyip (Swamp:2)
  An ettin (D:15)
  2 shambling mangroves (Swamp:2)
  4 boulder beetles
  A vault guard (D:13)
  Erolcha (D:11)
  8 alligators
  3 catoblepae
  3 ghost crabs
  12 hydras
  4 two-headed ogres
  4 centaur warriors
  13 death yaks
  A death knight (D:14)
  2 tengu warriors (D:15)
  Sonja (Lair:4)
  A deep elf knight (Swamp:2)
  3 goliath frogs
  A spriggan druid (Swamp:1)
  A deep elf archer (Swamp:2)
  2 bog bodies
  An orc knight (D:13)
  A deep elf pyromancer (D:15)
  2 phantasmal warriors (D:14)
  2 wizards
  3 cyclopes
  3 ugly things (D:14)
  An orc sorcerer (D:15)
  A necromancer (D:13)
  7 manticores
  A will-o-the-wisp (Swamp:2)
  5 elephants (Lair:2)
  8 black mambas
  3 gargoyles
  An unseen horror (D:11)
  25 cane toads
  2 torpor snails (Lair:3)
  2 freezing wraiths
  An efreet (D:15)
  10 komodo dragons
  2 rime drakes
  A tengu conjurer (D:15)
  A polar bear (shapeshifter) (D:15)
  4 trolls (D:10)
  3 tyrant leeches
  A bloated husk (Swamp:3)
  3 polar bears (Lair:4)
  Prince Ribbit (D:7)
  11 hornets
  8 slime creatures
  9 dream sheep
  19 blink frogs
  2 shadows
  10 spriggans
  4 wraiths
  3 wyverns
  34 yaks
  3 basilisks
  2 steam dragons
  20 humans (D:13)
  A hog (Lair:4)
  21 vampire mosquitoes
  7 swamp worms
  5 nagas (Lair:3)
  2 acid dragons
  A hell hound (Swamp:2)
  A sky beast (D:7)
  15 water moccasins
  15 orc warriors
  2 black bears
  4 swamp drakes
  4 ogres
  5 boggarts (D:14)
  29 wolves
  2 phantoms
  26 centaurs
  3 kobold brigands
  22 bullfrogs
  2 necrophages
  A gnoll sergeant (D:10)
  6 scorpions
  9 wights
  3 killer bees (D:10)
  2 howler monkeys
  5 electric eels
  20 jellies
  10 orc priests
  5 hounds
  3 gnoll boudas
  6 iguanas
  19 orc wizards
  A hell rat (D:9)
  17 gnolls
  3 river rats
  6 adders
  2 shadow imps
  2 white imps
  4 ufetubi
  2 worms
  5 dart slugs
  81 orcs
  16 endoplasms
  4 giant cockroaches
  6 goblins
  7 hobgoblins
  12 jackals
  11 kobolds
  8 quokkas
  6 ball pythons
  6 bats
  4 frilled lizards
  10 rats
769 creatures vanquished.

Vanquished Creatures (others)
  2 alligators (Swamp:2)
  A swamp dragon (Swamp:2)
  3 bloated husks
  A hornet (Swamp:2)
  2 orc wizards
  9 foxfires
  62 fungi
  132 plants
  2 withered plants (Lair:4)
214 creatures vanquished.

Grand Total: 983 creatures vanquished

Notes
Turn   | Place    | Note
-------+----------+-------------------------------------------
     0 | D:1      | KittyFluff the Gargoyle Berserker began the quest for the
                  | Orb.
     0 | D:1      | Reached XP level 1. HP: 14/14 MP: 1/1
    73 | D:1      | Reached XP level 2. HP: 18/19 MP: 2/2
   558 | D:1      | Reached XP level 3. HP: 19/24 MP: 3/3
   714 | D:1      | Found a faded altar of an unknown god.
   798 | D:1      | Reached ** piety under Trog
   984 | D:2      | Identified the +7 spear "Last" {vorpal, rElec}
  1090 | D:2      | Reached XP level 4. HP: 29/29 MP: 4/4
  1612 | D:3      | Reached skill level 4 in Maces & Flails
  1635 | D:3      | Reached XP level 5. HP: 14/33 MP: 5/5
  1810 | D:3      | Reached *** piety under Trog
  2295 | D:4      | Reached skill level 1 in Stealth
  2419 | D:4      | Found a sparkling altar of Nemelex Xobeh.
  2475 | D:4      | Noticed an ogre
  2488 | D:4      | Killed an ogre
  2489 | D:4      | Reached XP level 6. HP: 35/39 MP: 6/6
  2558 | D:4      | Reached skill level 5 in Maces & Flails
  2660 | D:4      | Noticed a black bear
  2668 | D:4      | Killed a black bear
  2669 | D:4      | Reached XP level 7. HP: 40/44 MP: 7/7
  2938 | D:5      | Entered Level 5 of the Dungeon
  2999 | D:5      | Reached skill level 6 in Maces & Flails
  3022 | D:5      | Found a staircase to the Ecumenical Temple.
  3227 | D:5      | Reached XP level 8. HP: 48/48 MP: 8/8
  3255 | D:5      | Reached **** piety under Trog
  3500 | D:5      | Reached skill level 7 in Maces & Flails
  3564 | D:5      | Reached skill level 5 in Fighting
  3564 | D:5      | Reached skill level 5 in Armour
  3790 | D:6      | Noticed a shadow
  3801 | D:6      | Killed a shadow
  3945 | D:6      | Reached skill level 8 in Maces & Flails
  4032 | D:6      | Reached XP level 9. HP: 54/54 MP: 9/9
  4696 | D:7      | Noticed Prince Ribbit
  4714 | D:7      | Killed Prince Ribbit
  4787 | D:7      | Reached skill level 9 in Maces & Flails
  4870 | D:7      | Found a flagged portal.
  4903 | Bailey   | Entered a bailey
  4964 | Bailey   | Reached ***** piety under Trog
  4982 | Bailey   | Reached skill level 1 in Ranged Weapons
  5292 | Bailey   | Reached XP level 10. HP: 38/61 MP: 10/10
  5857 | Bailey   | Identified the +4 bardiche "Daimeaf" {protect, +Blink
                  | rCorr}
  6455 | D:7      | Reached skill level 5 in Ranged Weapons
  6834 | D:7      | Found a large runed translucent door.
  6835 | D:7      | Found a large runed translucent door.
  6980 | D:7      | Found a hide-covered altar of Uskayaw.
  7121 | D:7      | Found an ancient bone altar of Kikubaaqudgha.
  7410 | D:7      | Found an ornate altar of the Wu Jian Council.
  7424 | D:7      | Found a blossoming altar of Fedhas.
  7532 | D:8      | Found a runed translucent door.
  7532 | D:8      | Found a shimmering altar of Xom.
  7532 | D:8      | Noticed Soraphim's ghost (novice MiFi)
  7534 | D:8      | Noticed a +0 whip of chaos
  7558 | D:8      | You fall into a shaft and drop 3 floors!
  7573 | D:10     | Entered Level 10 of the Dungeon
  7598 | D:11     | Reached skill level 10 in Maces & Flails
  7603 | D:11     | Reached skill level 5 in Dodging
  8110 | D:8      | Reached XP level 11. HP: 49/67 MP: 11/11
  8194 | D:8      | Reached ****** piety under Trog
  8450 | D:9      | Found a staircase to the Lair.
  8451 | D:9      | Noticed a death yak
  8453 | D:9      | Noticed a death yak
  8457 | D:9      | Noticed a death yak
  8467 | D:9      | Received a gift from Trog
  8470 | D:9      | Killed a death yak
  8482 | D:9      | Killed a death yak
  8483 | D:9      | Reached skill level 11 in Maces & Flails
  8494 | D:9      | Killed a death yak
  8586 | D:9      | Identified the +8 quarterstaff of Gallantry {vorpal, Str+4
                  | Dex+3}
  8814 | D:9      | Found Ibrewk's Antique Weapon Shoppe.
  8817 | D:9      | Bought a glowing sling for 135 gold pieces
  8860 | D:10     | Found a staircase to the Orcish Mines.
  8987 | D:10     | Found a runed translucent door.
  9143 | D:10     | Found a sacrificial altar of Ru.
  9502 | D:10     | Received a gift from Trog
  9529 | D:10     | Reached skill level 12 in Maces & Flails
  9549 | D:10     | Noticed a six-headed hydra
  9549 | D:10     | Noticed a manticore
  9558 | D:10     | Killed a six-headed hydra
  9561 | D:10     | Reached XP level 12. HP: 75/75 MP: 12/12
  9581 | D:10     | Noticed a two-headed ogre
  9613 | D:10     | Noticed a two-headed ogre
  9629 | D:10     | Killed a two-headed ogre
  9633 | D:10     | Killed a two-headed ogre
  9634 | D:10     | Reached skill level 10 in Armour
  9709 | D:10     | Found a runed translucent door.
  9980 | Lair:1   | Entered Level 1 of the Lair of Beasts
 10159 | Lair:1   | Reached skill level 13 in Maces & Flails
 11158 | Lair:2   | Found a staircase to the Swamp.
 11367 | Lair:2   | Reached skill level 10 in Fighting
 11490 | Lair:2   | Noticed a boulder beetle
 11533 | Lair:2   | Killed a boulder beetle
 11672 | Lair:2   | Reached XP level 13. HP: 63/82 MP: 13/13
 11802 | Lair:3   | Reached skill level 14 in Maces & Flails
 11824 | Lair:3   | Reached skill level 1 in Throwing
 12695 | Lair:3   | Noticed a dire elephant
 12723 | Lair:3   | Killed a dire elephant
 12853 | Lair:3   | Reached skill level 5 in Stealth
 13048 | Lair:3   | Received a gift from Trog
 13108 | Lair:3   | Found a staircase to the Snake Pit.
 13685 | Lair:4   | Noticed Sonja
 13689 | Lair:4   | Killed Sonja
 13856 | Lair:4   | Gained mutation: Your large and strong wings let you fly.
                  | [Gargoyle growth]
 13856 | Lair:4   | Reached XP level 14. HP: 90/90 MP: 14/14
 13891 | Lair:4   | Reached skill level 15 in Maces & Flails
 13934 | Lair:4   | Noticed Kirke
 13964 | Lair:4   | Killed Kirke
 14294 | Lair:4   | Found a runed translucent door.
 14294 | Lair:4   | Noticed Guuquyx's ghost (journeyman TrMo)
 14400 | Lair:5   | Entered Level 5 of the Lair of Beasts
 14933 | Lair:5   | Received a gift from Trog
 15359 | Lair:5   | Found a viscous altar of Jiyva.
 15360 | Lair:5   | Found a staircase to the Slime Pits.
 15696 | Lair:4   | Reached XP level 15. HP: 95/99 MP: 15/15
 16112 | Lair:5   | Identified the ring "Xalej" {rPois rC+ Will+++ rCorr
                  | Slay-6}
 16833 | D:11     | Found Xesugaho's Distillery.
 16844 | D:11     | Bought a potion of resistance for 110 gold pieces
 16844 | D:11     | Bought a potion of heal wounds for 55 gold pieces
 17242 | D:11     | Noticed Erolcha
 17250 | D:11     | Killed Erolcha
 17429 | D:11     | Found an opulent altar of Gozag.
 17852 | D:12     | Received a gift from Trog
 18564 | D:12     | Found Okhlyusol's Armour Shop.
 18748 | D:12     | Bought the +4 chain mail of Saok {Regen+} for 441 gold
                  | pieces
 18748 | D:12     | Bought a +1 cloak of willpower for 231 gold pieces
 19416 | D:13     | Reached skill level 16 in Maces & Flails
 19548 | D:13     | Found a gate to the Vaults.
 19808 | D:13     | Received a gift from Trog
 20505 | D:14     | Noticed Nessos
 20537 | D:14     | Killed Nessos
 20678 | D:14     | Found Zoizxeit's General Store.
 21196 | D:15     | Entered Level 15 of the Dungeon
 21243 | D:14     | Bought a scroll of acquirement for 624 gold pieces
 21243 | D:14     | Acquired a manual of Stealth
 21683 | D:15     | Received a gift from Trog
 21696 | D:15     | Reached XP level 16. HP: 107/107 MP: 5/16
 21739 | D:15     | Found a staircase to the Depths.
 22086 | Swamp:1  | Entered Level 1 of the Swamp
 22165 | Swamp:1  | Identified the +0 war axe of the Magi {freeze, rF+ rN+
                  | Will+++ rCorr}
 23502 | Swamp:2  | Reached skill level 15 in Fighting
 23563 | Swamp:2  | Received a gift from Trog
 23889 | Swamp:3  | Reached skill level 15 in Armour
 23955 | Swamp:3  | HP: 5/108 [will-o-the-wisp (11)]
 23959 | Swamp:3  | Killed from afar by a will-o-the-wisp

Illustrated notes

Levels and vault maps discovered:
D:1:      minmay_arrival_doors, layout_basic,
          shapermc_ecumenical_altar_mp_highgroup
D:2:      layout_rooms, hex_intersection, minmay_tree_intersection,
          mrwooster_statue_mirror
D:3:      layout_loops_ring
D:4:      layout_rooms, nemelex_xobeh_ov_fountains_minmay,
          minmay_fractal_squares_gapless_5
D:5:      layout_basic, nzn_hepliaklqana_mist_gate,
          minmay_temple_entry_from_below_a
D:6:      minmay_inner_zag, layout_basic, serial_park_tiny_pond,
          solitary_fountain
D:7:      minmay_flawed_box, layout_loops_corners, nicolae_overflow_squiral,
          jmf_multi_god_temple2, enter_bailey_7, serial_glass, glass_columns_a,
          glass_columns_a, uniq_prince_ribbit1
D:8:      layout_rooms, ebering_ghost_xom, interstate_on_off
D:9:      lemuel_slime, layout_basic, dpeg_lair_monsters, serial_shops,
          kennysheep_mini_moat
D:10:     cheibrodos_histonic, layout_loops_ring, mainiacjoe_overflow_chevrons,
          minmay_orc_entry_temple_small
D:11:     layout_grid_maze, serial_shops, nicolae_lakefront_shop,
          grunt_gozag_breadcrumbs, uniq_erolcha
D:12:     layout_irregular_city, serial_shops, shop
D:13:     layout_loops_corners, grunt_vaults_entry_tiered, special_room
          [special_room_orc]
D:14:     layout_loops_ring, hangedman_decor_slide_cut, serial_shops,
          nicolae_diamond_shop, uniq_nessos
D:15:     hangedman_depths_entry_civil_slaughter, layout_cave_pools
Lair:1:   layout_cave_pods, pond, infiniplex_staircase_pool
Lair:2:   layout_loops_ring, minmay_swamp_entry_swarm
Lair:3:   nzn_winding_woodlands_stair_cross [nzn_winding_woodlands_5x15_parted,
          nzn_winding_woodlands_center_lodge,
          nzn_winding_woodlands_5x15_default, nzn_winding_woodlands_hourglass,
          nzn_winding_woodlands_5x5_perimeter,
          nzn_winding_woodlands_5x15_garden,
          nzn_winding_woodlands_center_garden, nzn_winding_woodlands_5x15_pool],
          layout_layer_cave, minmay_snake_entry_guardpost_medium,
          kennysheep_catoblepas_arena
Lair:4:   layout_regular_city, gammafunk_ghost_grave,
          dreamdust_mushroom_princess, lemuel_fruit_tree, uniq_kirke, uniq_sonja
Lair:5:   minmay_lair_end_frog_pond, layout_small_grid,
          minmay_slime_entry_jelly_boxes
Swamp:1:  layout_basic_swamp, serial_swamp_ruin, evilmike_swamp_ruin_rubble_1,
          evilmike_swamp_ruin_house_5, evilmike_swamp_ruin_house_6
Swamp:2:  layout_basic_swamp, evilmike_swamp_ruin_house_1, swamp_pool5,
          beargit_elvish_explorers
Swamp:3:  layout_basic_swamp, evilmike_swamp_ruin_house_4

Skill      XL: |  1  2  3  4  5  6  7  8  9 10 11 12 13 14 15 16 |
---------------+-------------------------------------------------+-----
Fighting       | 4 5 6 7 8 10 11 13 14 15 | 15.2
Maces & Flails | 4 5 6 8 9 10 12 13 14 15 16 | 16.9
Dodging        | 2 3 4 5 6 7 8 9 |  9.9
Armour         | 3 4 5 7 8 9 10 12 13 14 15 | 15.0
Stealth        | 1 2 3 4 5 6 7 8 |  8.6
Ranged Weapons | 3 5 7 8 |  8.0
Throwing       | 1 2 |  2.0

Action                   |  1- 3 |  4- 6 |  7- 9 | 10-12 | 13-15 | 16-18 || total
-------------------------+-------+-------+-------+-------+-------+-------++-------
Melee: Mace              |    94 |    66 |       |       |       |       ||   160
       Whip              |     1 |       |       |       |       |       ||     1
       Flail             |       |   122 |   342 |   381 |    92 |       ||   937
       Punch             |       |       |     5 |     6 |     2 |       ||    13
       Dire flail        |       |       |       |   389 |  1223 |   394 ||  2006
 Fire: Sling             |       |       |   139 |   105 |   155 |    28 ||   427
Throw: Stone             |       |       |     5 |     6 |    16 |       ||    27
       Dart              |       |       |       |       |     6 |       ||     6
Invok: Berserk           |     1 |     2 |       |     2 |       |     1 ||     6
Evoke: Condenser vane    |       |       |       |       |     1 |       ||     1
  Use: Scroll            |     1 |     5 |     4 |    11 |    14 |     1 ||    36
       Potion            |       |       |       |     1 |       |     2 ||     3
 Stab: Sleeping          |       |     1 |     2 |     9 |     9 |     6 ||    27
       Petrified         |       |       |       |       |     5 |       ||     5
       Distracted        |       |       |       |       |     3 |     1 ||     4
       Petrifying        |       |       |       |       |     1 |       ||     1
       Confused          |       |       |       |       |     4 |       ||     4
Armor: Animal skin       |    25 |       |       |       |       |       ||    25
       Leather armour    |    19 |   129 |   191 |   217 |       |       ||   556
       Troll leather arm |       |       |       |   117 |   538 |   229 ||   884
Dodge: Dodged            |    63 |   184 |   289 |   526 |   999 |   285 ||  2346
